 Dungeon Crawl Stone Soup version 0.29.0-4-gdea44cf6ec (webtiles) character file.

Game seed: 12201326497896235032

578 qw the Chopper (level 7, -2/41 HPs)
             Began as a Tengu Warper on Aug 28, 2022.
             Slain by an iguana (8 damage)
             ... on level 4 of the Dungeon.
             The game lasted 00:00:30 (4263 turns).

qw the Chopper (Tengu Warper)                       Turns: 4263, Time: 00:00:30

Health: -2/41      AC: 13    Str: 16    XL:     7   Next: 36%
Magic:  11/11      EV:  6    Int: 13    God:
Gold:   192        SH:  0    Dex: 13    Spells: 10/10 levels left

rFire   . . .      SeeInvis .   Y - +0 war axe
rCold   . . .      Faith    .   (no shield)
rNeg    . . .      Spirit   .   k - +0 plate armour
rPois   .          Reflect  .   (helmet restricted)
rElec   .          Harm     .   e - +1 cloak "Igheel" {Str+2}
rCorr   .          Rampage  .   (no gloves)
Will    .....                   (boots unavailable)
Stlth   ..........              (no amulet)
HPRegen 0.13/turn               (no ring)
MPRegen 0.12/turn               (no ring)

@: flying quickly and evasively, quick
A: beak, talons 3, nimble flight
a: no special abilities


You were on level 4 of the Dungeon.
You visited 1 branch of the dungeon, and saw 4 of its levels.

You collected 192 gold pieces.


Innate Abilities, Weirdness & Mutations

You have a beak for a mouth.
You have claws for feet.
Your magical nature lets you fly swiftly and evasively.


   Skills:
 - Level 3.1 Fighting
 + Level 7.6 Axes
 - Level 1.0 Throwing
 - Level 3.0 Armour
 - Level 2.1 Dodging
 - Level 2.0 Spellcasting
 - Level 2.4 Translocations


You had 10 spell levels left.
You didn't know any spells.
Your spell library contained the following spells:

 Spells                   Type           Power      Damage    Failure   Level
 Blink                    Tloc           14%        N/A       100%        2
 Gell's Gravitas          Tloc           7%         N/A       100%        3
 Lesser Beckoning         Tloc           7%         N/A       100%        3
 Teleport Other           Tloc           7%         N/A       100%        3
 Manifold Assault         Tloc           7%         N/A       100%        5

Inventory:

Hand Weapons
 g - a +0 flail
 Y - a +0 war axe (weapon)
Armour
 e - the +1 cloak "Igheel" (worn) {Str+2}
   (You acquired it on level 3 of the Dungeon)

   Str:       It affects your strength (+2).
 f - a +0 tower shield
 k - a +0 plate armour (worn)
Scrolls
 c - a scroll of identify
Potions
 a - a potion of resistance
 b - a potion of cancellation
 d - a potion of curing
 h - 2 potions of mutation
 i - a potion of magic {unknown}
 o - 2 potions of heal wounds {unknown}
 p - a potion of haste {unknown}

Dungeon Overview and Level Annotations

Branches:
Dungeon (4/15)
 Temple: D:4-7

Altars:
Ashenzari
Hepliaklqana


Message History

An iguana comes into view.
The iguana hisses angrily.
A scorpion comes into view.
You hit the iguana but do no damage. You claw the iguana, but do no damage.
The iguana barely misses you.
You hit the iguana but do no damage. You hit the iguana.
The iguana bites you but does no damage.
The iguana barely misses you.
You hit the iguana. You peck the iguana.
The iguana is heavily wounded.
You barely miss the iguana.
The iguana bites you but does no damage.
The iguana barely misses you.
The iguana bites you but does no damage.
The iguana bites you!
You barely miss the iguana. Your peck misses the iguana.
The iguana is heavily wounded.
You slash the iguana! The iguana bites you! x2
You barely miss the iguana. You peck the iguana, but do no damage.
The iguana is heavily wounded.
You hit the iguana. The iguana completely misses you.
The iguana bites you but does no damage.
You closely miss the iguana. You claw the iguana.
You peck the iguana, but do no damage.
The iguana is almost dead.
You hit the iguana but do no damage. The iguana closely misses you.
The iguana bites you but does no damage.
You hit the iguana.
You kill the iguana!
You completely miss the iguana. The iguana bites you!
You slash the iguana!
The iguana is almost dead.
You closely miss the scorpion.
The scorpion stings you but does no damage.
The iguana bites you!
You die...

.## #......#
#.####.###### ..~.~#.##
...~.~..# ####
~..~..~.## #..#
~~~~..~~~###..## #
~~~~~~~~~~~#...### ...
....~~..####.....##.....
.~~~.#.......#..@l......
.####.#####...##.s......
...... ###....##.....
...... #...## ....
##...# #..## ... ##.
#.## .. .. ..# # ..


You could see a scorpion and an iguana.

Vanquished Creatures
  A black bear (D:4)
  A phantom (D:4)
  A hound (D:4)
  A jelly (D:4)
  An orc priest (D:4)
  Natasha (thrice) (D:4)
  Terence (D:3)
  An iguana (D:4)
  2 orc wizards (D:4)
  7 adders
  2 worms
  A dart slug (D:1)
  5 orcs (D:4)
  9 endoplasms
  2 giant cockroaches
  13 goblins
  3 hobgoblins
  4 jackals (D:2)
  2 quokkas
  6 ball pythons
  5 bats
  7 frilled lizards
  6 kobolds
  8 rats
92 creatures vanquished.

Vanquished Creatures (others)
  3 plants (D:2)
3 creatures vanquished.

Grand Total: 95 creatures vanquished

Notes
Turn   | Place    | Note
-------+----------+-------------------------------------------
     0 | D:1      | qw the Tengu Warper began the quest for the Orb.
     0 | D:1      | Reached XP level 1. HP: 12/12 MP: 4/4
     0 | D:1      | 0 ||| qw: Version: 0.1-a-89-g26bdef1
     0 | D:1      | 0 ||| qw: Game counter: 3003
     0 | D:1      | 0 ||| qw: Always use a shield: true
     0 | D:1      | 0 ||| qw: God list: Okawaru
     0 | D:1      | 0 ||| qw: Allow faded altars: false
     0 | D:1      | 0 ||| qw: Do Orc after D:15 true
     0 | D:1      | 0 ||| qw: Do second Lair branch before Depths: true
     0 | D:1      | 0 ||| qw: Lair rune preference: random
     0 | D:1      | 0 ||| qw: Plans: Normal
     0 | D:1      | 0 ||| PLANNING D:1-11
    19 | D:1      | 19 ||| Stepping ~*~*~tactically~*~*~ (hiding).
   145 | D:1      | Reached XP level 2. HP: 17/17 MP: 6/6
   160 | D:1      | Reached skill level 3 in Axes
   252 | D:1      | 252 ||| Stepping ~*~*~tactically~*~*~ (stealth).
   407 | D:1      | 407 ||| Stepping ~*~*~tactically~*~*~ (stealth).
   408 | D:1      | 408 ||| Stepping ~*~*~tactically~*~*~ (stealth).
   409 | D:1      | 409 ||| Stepping ~*~*~tactically~*~*~ (stealth).
   415 | D:1      | 415 ||| Stepping ~*~*~tactically~*~*~ (stealth).
   515 | D:1      | Reached XP level 3. HP: 21/21 MP: 7/7
   576 | D:1      | 576 ||| Stepping ~*~*~tactically~*~*~ (stealth).
   582 | D:1      | 582 ||| Stepping ~*~*~tactically~*~*~ (stealth).
   732 | D:1      | 732 ||| UPGRADING to +0 scale mail.
   742 | D:1      | 742 ||| DROPPING +0 leather armour.
   743 | D:1      | 743 ||| UPGRADING to +0 plate armour.
   753 | D:1      | 753 ||| DROPPING +0 scale mail.
   754 | D:1      | 754 ||| READING scroll labelled JYF BUSECWUSM.
   755 | D:1      | 755 ||| READING scroll labelled EMEXTYRCHIX.
   756 | D:1      | 756 ||| READING scroll labelled MERIDEROHOK.
   757 | D:1      | 757 ||| READING scroll labelled OTI JYCUODYI.
   758 | D:1      | 758 ||| DROPPING scroll of blinking.
   781 | D:2      | 781 ||| Stepping ~*~*~tactically~*~*~ (hiding).
   781 | D:2      | Found a faded altar of an unknown god.
   795 | D:2      | Reached skill level 4 in Axes
   819 | D:2      | 819 ||| READING scroll of enchant weapon.
   819 | D:2      | 819 ||| ENCHANTING +1 hand axe.
   856 | D:2      | 856 ||| Stepping ~*~*~tactically~*~*~ (stealth).
   878 | D:2      | 878 ||| FLEEEEING.
  1003 | D:2      | Found a hazy altar of Hepliaklqana.
  1089 | D:2      | 1089 ||| Stepping ~*~*~tactically~*~*~ (stealth).
  1156 | D:2      | Reached XP level 4. HP: 25/26 MP: 8/8
  1387 | D:2      | 1387 ||| DROPPING ring of flight.
  1388 | D:2      | 1388 ||| READING scroll labelled KAUK POTALLU.
  1392 | D:2      | 1392 ||| READING scroll labelled MEMYOCS TIPT.
  1393 | D:2      | 1393 ||| READING 2 scrolls of identify.
  1393 | D:2      | 1393 ||| IDENTIFYING orange potion
  1398 | D:3      | Found a broken altar of Ashenzari.
  1413 | D:3      | 1413 ||| STAIRDANCE
  1490 | D:3      | 1490 ||| Stepping ~*~*~tactically~*~*~ (stealth).
  1583 | D:3      | 1583 ||| Stepping ~*~*~tactically~*~*~ (stealth).
  1584 | D:3      | 1584 ||| Stepping ~*~*~tactically~*~*~ (stealth).
  1856 | D:3      | Noticed Terence
  1868 | D:3      | Killed Terence
  1869 | D:3      | Reached skill level 5 in Axes
  1869 | D:3      | Gained mutation: Your magical nature lets you fly swiftly
                  | and evasively. [Tengu growth]
  1869 | D:3      | Reached XP level 5. HP: 28/30 MP: 9/9
  2370 | D:3      | 2370 ||| DRINKING 2 viscous purple potions.
  2371 | D:3      | 2371 ||| READING 2 scrolls of identify.
  2371 | D:3      | 2371 ||| IDENTIFYING murky golden potion
  2408 | D:3      | 2408 ||| READING 3 scrolls of teleportation.
  2409 | D:3      | 2409 ||| STAIRDANCE
  2417 | D:3      | 2417 ||| READING 2 scrolls of teleportation.
  2418 | D:3      | 2418 ||| STAIRDANCE
  2458 | D:4      | 2458 ||| STAIRDANCE
  2471 | D:4      | Noticed a phantom
  2481 | D:4      | Killed a phantom
  2482 | D:4      | Reached skill level 6 in Axes
  2482 | D:4      | Reached XP level 6. HP: 32/35 MP: 10/10
  2659 | D:4      | Noticed Natasha
  2667 | D:4      | Killed Natasha
  2812 | D:4      | Noticed a black bear
  2825 | D:4      | Killed a black bear
  2826 | D:4      | Reached skill level 7 in Axes
  2967 | D:4      | 2967 ||| Stepping ~*~*~tactically~*~*~ (stealth).
  2971 | D:4      | 2971 ||| Stepping ~*~*~tactically~*~*~ (stealth).
  2973 | D:4      | 2973 ||| Stepping ~*~*~tactically~*~*~ (stealth).
  2981 | D:4      | 2981 ||| SWAPPING to +0 war axe.
  2985 | D:4      | HP: 4/35 [orc priest/divine providence (7)]
  2986 | D:4      | 2986 ||| READING 2 scrolls of teleportation.
  3091 | D:4      | 3091 ||| Invisible monster not found???
  3252 | D:4      | 3252 ||| DROPPING +2 hand axe.
  3298 | D:4      | Noticed Natasha
  3299 | D:4      | 3299 ||| Stepping ~*~*~tactically~*~*~ (hiding).
  3300 | D:4      | 3300 ||| Stepping ~*~*~tactically~*~*~ (hiding).
  3305 | D:4      | Killed Natasha
  3353 | D:4      | 3353 ||| Stepping ~*~*~tactically~*~*~ (stealth).
  3357 | D:4      | 3357 ||| Stepping ~*~*~tactically~*~*~ (hiding).
  3360 | D:4      | 3360 ||| Stepping ~*~*~tactically~*~*~ (hiding).
  3360 | D:4      | Noticed Natasha
  3369 | D:4      | Reached XP level 7. HP: 25/40 MP: 11/11
  3375 | D:4      | HP: 8/40 [something (3)]
  3376 | D:4      | 3376 ||| READING scroll of teleportation.
  3377 | D:4      | HP: 3/40 [something (4)]
  3379 | D:4      | Killed Natasha
  3380 | D:4      | Reached skill level 3 in Fighting
  3387 | D:4      | HP: 3/41 [orc wizard/+0 dagger (1)]
  3542 | D:4      | 3542 ||| Stepping ~*~*~tactically~*~*~ (stealth).
  3549 | D:4      | 3549 ||| FLEEEEING.
  3550 | D:4      | 3550 ||| FLEEEEING.
  3551 | D:4      | 3551 ||| FLEEEEING.
  3552 | D:4      | 3552 ||| FLEEEEING.
  3553 | D:4      | 3553 ||| FLEEEEING.
  3554 | D:4      | 3554 ||| FLEEEEING.
  3555 | D:4      | 3555 ||| FLEEEEING.
  3556 | D:4      | 3556 ||| FLEEEEING.
  3557 | D:4      | 3557 ||| FLEEEEING.
  3558 | D:4      | 3558 ||| FLEEEEING.
  3559 | D:4      | 3559 ||| FLEEEEING.
  3560 | D:4      | 3560 ||| FLEEEEING.
  3561 | D:4      | 3561 ||| FLEEEEING.
  3562 | D:4      | 3562 ||| FLEEEEING.
  3585 | D:4      | 3585 ||| FLEEEEING.
  3586 | D:4      | 3586 ||| FLEEEEING.
  3587 | D:4      | 3587 ||| FLEEEEING.
  3588 | D:4      | 3588 ||| FLEEEEING.
  3589 | D:4      | 3589 ||| FLEEEEING.
  3601 | D:4      | 3601 ||| FLEEEEING.
  3603 | D:4      | 3603 ||| FLEEEEING.
  3604 | D:4      | 3604 ||| FLEEEEING.
  3605 | D:4      | 3605 ||| FLEEEEING.
  3606 | D:4      | 3606 ||| FLEEEEING.
  3607 | D:4      | 3607 ||| FLEEEEING.
  3615 | D:4      | 3615 ||| STAIRDANCE
  3783 | D:3      | 3783 ||| DROPPING orb of guile.
  3784 | D:3      | 3784 ||| READING scroll labelled ZEANAO JAONIRI.
  3929 | D:3      | 3929 ||| READING scroll labelled FENIGEDEMO.
  3929 | D:3      | Identified a scroll of acquirement
  3929 | D:3      | 3929 ||| ACQUIRING +1 cloak "Igheel" {Str+2}
  3929 | D:3      | Acquired the +1 cloak "Igheel" {Str+2}
  3931 | D:3      | 3931 ||| UPGRADING to +1 cloak "Igheel" {Str+2}.
  3936 | D:3      | 3936 ||| READING 3 scrolls of identify.
  3936 | D:3      | 3936 ||| IDENTIFYING white potion
  3937 | D:3      | 3937 ||| READING 2 scrolls of identify.
  3937 | D:3      | 3937 ||| IDENTIFYING viscous cyan potion
  3938 | D:3      | 3938 ||| DROPPING potion of lignification.
  3946 | D:4      | 3946 ||| Stepping ~*~*~tactically~*~*~ (hiding).
  3947 | D:4      | 3947 ||| Stepping ~*~*~tactically~*~*~ (hiding).
  3954 | D:4      | Reached skill level 3 in Armour
  4067 | D:4      | 4067 ||| DROPPING +0 whip.
  4262 | D:4      | HP: 5/41 [iguana (11)]
  4263 | D:4      | Slain by an iguana

Levels and vault maps discovered:
D:1:      roderic_dead_forest, layout_basic
D:2:      layout_rooms, basic_altar, ebering_ecumenical_altar_mist,
          serial_bayou_pond_b
D:3:      layout_loops_ring, nicolae_overflow_hidden_temple, uniq_terence
D:4:      layout_layer_cave, chequers_serial_rivers_small_3, uniq_natasha

Skill      XL: |  1  2  3  4  5  6  7 |
---------------+----------------------+-----
Axes           | 3 4 5 6 7 |  7.6
Armour         | 2 3 |  3.0
Fighting       | 3 |  3.1
Throwing       | |  1.0
Dodging        | |  2.1
Spellcasting   | |  2.0
Translocations | |  2.4

Action                   |  1- 3 |  4- 6 |  7- 9 || total
-------------------------+-------+-------+-------++-------
Melee: Hand axe          |    92 |   107 |       ||   199
       Peck              |    16 |    12 |     7 ||    35
       Kick              |    20 |    31 |    14 ||    65
       Punch             |     1 |     2 |       ||     3
       War axe           |       |    13 |    37 ||    50
Throw: Boomerang         |     7 |       |       ||     7
  Use: Scroll            |     5 |     7 |     5 ||    17
       Potion            |       |     1 |       ||     1
Armor: Leather armour    |     7 |       |       ||     7
       Plate armour      |    35 |    81 |    27 ||   143
Dodge: Dodged            |    22 |    26 |    11 ||    59

Table legend:
 A = Non-vault XP
 B = Vault XP
 C = Vault XP percentage of total XP
 D = Non-vault monster count
 E = Vault monster count
 F = Vault count percentage of total count
                 A         B        C        D         E       F
            +---------+---------+-------+---------+---------+-------
      Total |     747 |      80 |   9.7 |      86 |       6 |   6.5
            +---------+---------+-------+---------+---------+-------
        D:1 |      41 |       0 |   0.0 |      27 |       0 |   0.0
        D:2 |      45 |       8 |  15.1 |      21 |       4 |  16.0
        D:3 |     102 |      36 |  26.1 |      17 |       1 |   5.6
        D:4 |     559 |      36 |   6.1 |      21 |       1 |   4.5
            +---------+---------+-------+---------+---------+-------
